 Dungeon Crawl Stone Soup version 0.32-a0-871-ge202e49faa (webtiles) character file.

Game seed: 8234542239450400337

51 KennySheep the Chopper (level 3, -1/29 HPs)
             Began as a Human Monk on Mar 30, 2024.
             Succumbed to an adder's poison
             ... on level 3 of the Dungeon.
             The game lasted 00:02:38 (1378 turns).

KennySheep the Chopper (Human Monk)                 Turns: 1378, Time: 00:02:38

Health: -1/29      AC:  3    Str: 13    XL:     3   Next: 81%
Magic:  3/4        EV: 12    Int: 10    God:
Gold:   40         SH:  5    Dex: 15    Spells: 2/2 levels left

rFire   . . .        a - +0 hand axe
rCold   . . .        d - orb {light}
rNeg    . . .        b - +0 robe
rPois   .            k - +0 helmet
rElec   .            (no cloak)
rCorr   .            (no gloves)
SInv    .            (no boots)
Will    .....        i - amulet of reflection
Stlth   +            (no ring)
HPRegen 0.24/turn    (no ring)
MPRegen 0.09/turn

%: reflection
@: lethally poisoned (-1 -> -8), glowing
A: explore regen
a: no special abilities


You were on level 3 of the Dungeon.
You visited 1 branch of the dungeon, and saw 3 of its levels.

You collected 40 gold pieces.

Inventory:

Hand Weapons
 a - a +0 hand axe (weapon)
Missiles
 g - 2 curare-tipped darts (quivered)
Armour
 b - a +0 robe (worn)
 d - an orb of light (worn)
 k - a +0 helmet (worn)
Jewellery
 e - a ring of wizardry
 i - an amulet of reflection (around neck)
 o - a ring of flight
Wands
 p - a wand of flame (29)
 q - a wand of charming (6)
Scrolls
 f - 2 scrolls of identify
 h - 2 scrolls of enchant weapon
 j - a scroll of amnesia {unknown}
 m - a scroll of brand weapon {unknown}
Potions
 c - a potion of ambrosia
 l - a potion of invisibility
 n - a potion of degeneration {unknown}


   Skills:
 + Level 3.3 Fighting
 * Level 3.7 Axes
 + Level 3.3 Dodging
 + Level 1.3 Invocations


You had 2 spell levels left.
You didn't know any spells.
Your spell library contained the following spells:

 Spells                   Type           Power      Damage    Failure   Level
 Slow                     Hex            0%         N/A       36%         1
 Confusing Touch          Hex            0%         N/A       75%         3
 Inner Flame              Hex/Fire       0%         N/A       75%         3
 Vampiric Draining        Necr           0%         2d6       75%         3
 Irradiate                Conj/Alch      0%         3d11      100%        5
 Ignition                 Fire           0%         3d3       100%        8


Dungeon Overview and Level Annotations

Branches:
Dungeon (3/15)

Altars:


Innate Abilities, Weirdness & Mutations

You regain HP and MP as you explore.


Message History

You barely miss the adder. The adder bites you. The gnoll closely misses you.
The adder barely misses you.
You hit the gnoll but do no damage.
The gnoll is almost dead.
You hit the adder. The gnoll hits you with a +0 club.
The adder barely misses you.
You barely miss the gnoll.
The gnoll is almost dead.
You barely miss the adder. The adder barely misses you.
The gnoll barely misses you. The adder bites you.
You are poisoned.
The adder poisons you!
You hit the gnoll.
You kill the gnoll!
You barely miss the adder.
You feel sick. The adder bites you.
You closely miss the adder.
The adder is lightly wounded.
You hit the gnoll but do no damage.
You feel sick. The gnoll hits you with a +0 whip.
The adder bites you but does no damage. The gnoll closely misses you.
You hit the adder but do no damage.
The adder is lightly wounded.
You hit the gnoll.
You feel sick. The adder barely misses you. The adder misses you.
The gnoll barely misses you.
You hit the gnoll.
The gnoll is heavily wounded.
You closely miss the adder.
You feel sick. The adder barely misses you. The gnoll hits you with a +0 whip.
You hit the gnoll but do no damage.
The gnoll is heavily wounded.
You barely miss the adder.
You feel sick. The adder bites you.
* * * LOW HITPOINT WARNING * * *
You are lethally poisoned!
The adder poisons you! The gnoll hits you with a +0 whip.
* * * LOW HITPOINT WARNING * * *
The adder barely misses you.
You barely miss the gnoll.
The gnoll is heavily wounded.
You barely miss the adder.
You die...

#####.##.# ....#.##.####...
P. .##.#.##.....P.♣ ♣P
.#..#.##.###♣.P. ..
.#.##.##.# #+# ♣♣.
.#....##.# ##.##♣.!♣♣§♣
.#######[# #♣ .?.#.♣...
......##.###. #g##.P♣♣♣♣..
#####.#.#.##. #@#.......♣
....#.####.#.♣♣♣#S♣♣.♣♣♣...
.##.#.#.#..#.♣.....♣.♣
.#..#.##.#.##.♣P..♣.P.♣
.#.##.#....§§P♣♣♣...♣.♣
.#....##.##.#§♣ ..♣♣.P♣P. #
.#######.##.§§♣♣.♣.


PPP♣. # ...##..>.##.♣.......♣P..P. # ##.##.#####.♣.♣..P♣P..♣.P.♣ # You could see
a gnoll and an adder.

Vanquished Creatures
  A gnoll (D:3)
  A dart slug (D:1)
  3 endoplasms
  5 giant cockroaches
  2 goblins
  2 hobgoblins (D:1)
  A jackal (D:1)
  4 quokkas
  5 ball pythons (D:2)
  3 bats
  2 frilled lizards (D:1)
  7 rats
36 creatures vanquished.

Notes
Turn   | Place    | Note
-------+----------+-------------------------------------------
     0 | D:1      | KennySheep the Human Monk began the quest for the Orb.
     0 | D:1      | Reached XP level 1. HP: 18/18 MP: 1/1
   171 | D:1      | Reached XP level 2. HP: 23/24 MP: 2/2
   410 | D:1      | Reached skill level 1 in Invocations
   439 | D:1      | You fall into a shaft and drop 1 floor!
   667 | D:2      | Reached XP level 3. HP: 29/29 MP: 3/3
  1377 | D:3      | HP: 1/29 [gnoll/+0 whip (4)]
  1378 | D:3      | Succumbed to an adder's poison

Illustrated notes

Levels and vault maps discovered:
D:1:      shiori_arrival_maze, layout_rooms, minmay_tromino_v2
D:2:      layout_loops_ring, hangedman_abyss_or_decor_lesser_grid
D:3:      wad_woods_tower, layout_loops_cross, cheibrodos_ashenzari_chains,
          shapermc_ecumenical_altar_hornbeckon, chequers_serial_rivers_micro_b,
          patterned_corridor

Skill      XL: |  1  2 |
---------------+-------+-----
Invocations    | 1 |  1.3
Fighting       | |  3.3
Axes           | |  3.7
Dodging        | |  3.3

Action                     || total
---------------------------++-------
  Melee: Hand axe          ||    99
    Use: Scroll            ||     1
         Potion            ||     1
 Armour: Robe              ||    77
  Dodge: Dodged            ||    81

Table legend: (Time is in decaauts)
 A = Elapsed time spent in this place.
 B = Non-inter-level travel time spent in this place.
 C = Inter-level travel time spent in this place.
 D = Time resting spent in this place.
 E = Time spent auto-exploring this place.
 F = Levels seen in this place.
 G = Mean time per level.
                   A        B        C        D        E       F      G
               +--------+--------+--------+--------+--------+-----+--------+
         Total |   1390 |   1316 |     74 |      0 |   1057 |   3 |  463.3 |
       Dungeon |   1390 |   1316 |     74 |      0 |   1057 |   3 |  463.3 |
               +--------+--------+--------+--------+--------+-----+--------+

Top non-repeatable levels by time:
     D:2: 740 daAuts
     D:1: 444 daAuts
     D:3: 205 daAuts
